Workbook

Sheet Assumptions
A1: Assumption | B1: Value
A2: Price to the store, a jar ($) | B2: 5.5
A3: Full cost of a jar ($) | B3: 3.1
A4: Jars in a case | B4: 12
A5: Driver and merchandising, an hour ($) | B5: 20
A6: Vehicle, a mile ($) | B6: 0.7
A7: Route miles | B7: 96

Sheet Route
A1: Stop | B1: Cases delivered | C1: Jars pulled for credit | D1: Minutes at the stop | E1: Jars sold in | F1: Revenue ($) | G1: Product cost ($) | H1: Credit for pulled jars ($) | I1: Gross after credit ($)
A2: Co-op, Fourth Avenue | B2: 4 | C2: 3 | D2: 25 | E2: =IF(A2="","",B2*Assumptions!$B$4) -> 48 | F2: =IF(A2="","",E2*Assumptions!$B$2) -> 264 | G2: =IF(A2="","",E2*Assumptions!$B$3) -> 148.8 | H2: =IF(A2="","",C2*Assumptions!$B$2) -> 16.5 | I2: =IF(A2="","",F2-G2-H2) -> 98.7
A3: Grocery, Oracle Road | B3: 3 | C3: 1 | D3: 20 | E3: =IF(A3="","",B3*Assumptions!$B$4) -> 36 | F3: =IF(A3="","",E3*Assumptions!$B$2) -> 198 | G3: =IF(A3="","",E3*Assumptions!$B$3) -> 111.6 | H3: =IF(A3="","",C3*Assumptions!$B$2) -> 5.5 | I3: =IF(A3="","",F3-G3-H3) -> 80.9
A4: Market, Speedway | B4: 2 | C4: 4 | D4: 20 | E4: =IF(A4="","",B4*Assumptions!$B$4) -> 24 | F4: =IF(A4="","",E4*Assumptions!$B$2) -> 132 | G4: =IF(A4="","",E4*Assumptions!$B$3) -> 74.4 | H4: =IF(A4="","",C4*Assumptions!$B$2) -> 22 | I4: =IF(A4="","",F4-G4-H4) -> 35.6
A5: Grocery, Tanque Verde | B5: 3 | C5: 0 | D5: 15 | E5: =IF(A5="","",B5*Assumptions!$B$4) -> 36 | F5: =IF(A5="","",E5*Assumptions!$B$2) -> 198 | G5: =IF(A5="","",E5*Assumptions!$B$3) -> 111.6 | H5: =IF(A5="","",C5*Assumptions!$B$2) -> 0 | I5: =IF(A5="","",F5-G5-H5) -> 86.4
A6: Deli, Congress Street | B6: 1 | C6: 0 | D6: 10 | E6: =IF(A6="","",B6*Assumptions!$B$4) -> 12 | F6: =IF(A6="","",E6*Assumptions!$B$2) -> 66 | G6: =IF(A6="","",E6*Assumptions!$B$3) -> 37.2 | H6: =IF(A6="","",C6*Assumptions!$B$2) -> 0 | I6: =IF(A6="","",F6-G6-H6) -> 28.8
A7: Grocery, Ina Road | B7: 2 | C7: 2 | D7: 20 | E7: =IF(A7="","",B7*Assumptions!$B$4) -> 24 | F7: =IF(A7="","",E7*Assumptions!$B$2) -> 132 | G7: =IF(A7="","",E7*Assumptions!$B$3) -> 74.4 | H7: =IF(A7="","",C7*Assumptions!$B$2) -> 11 | I7: =IF(A7="","",F7-G7-H7) -> 46.6
A8: Market, Sabino Canyon | B8: 2 | C8: 1 | D8: 15 | E8: =IF(A8="","",B8*Assumptions!$B$4) -> 24 | F8: =IF(A8="","",E8*Assumptions!$B$2) -> 132 | G8: =IF(A8="","",E8*Assumptions!$B$3) -> 74.4 | H8: =IF(A8="","",C8*Assumptions!$B$2) -> 5.5 | I8: =IF(A8="","",F8-G8-H8) -> 52.1
A9: Co-op, Grant Road | B9: 3 | C9: 2 | D9: 20 | E9: =IF(A9="","",B9*Assumptions!$B$4) -> 36 | F9: =IF(A9="","",E9*Assumptions!$B$2) -> 198 | G9: =IF(A9="","",E9*Assumptions!$B$3) -> 111.6 | H9: =IF(A9="","",C9*Assumptions!$B$2) -> 11 | I9: =IF(A9="","",F9-G9-H9) -> 75.4
E10: =IF(A10="","",B10*Assumptions!$B$4) | F10: =IF(A10="","",E10*Assumptions!$B$2) | G10: =IF(A10="","",E10*Assumptions!$B$3) | H10: =IF(A10="","",C10*Assumptions!$B$2) | I10: =IF(A10="","",F10-G10-H10)
E11: =IF(A11="","",B11*Assumptions!$B$4) | F11: =IF(A11="","",E11*Assumptions!$B$2) | G11: =IF(A11="","",E11*Assumptions!$B$3) | H11: =IF(A11="","",C11*Assumptions!$B$2) | I11: =IF(A11="","",F11-G11-H11)
E12: =IF(A12="","",B12*Assumptions!$B$4) | F12: =IF(A12="","",E12*Assumptions!$B$2) | G12: =IF(A12="","",E12*Assumptions!$B$3) | H12: =IF(A12="","",C12*Assumptions!$B$2) | I12: =IF(A12="","",F12-G12-H12)
E13: =IF(A13="","",B13*Assumptions!$B$4) | F13: =IF(A13="","",E13*Assumptions!$B$2) | G13: =IF(A13="","",E13*Assumptions!$B$3) | H13: =IF(A13="","",C13*Assumptions!$B$2) | I13: =IF(A13="","",F13-G13-H13)
E14: =IF(A14="","",B14*Assumptions!$B$4) | F14: =IF(A14="","",E14*Assumptions!$B$2) | G14: =IF(A14="","",E14*Assumptions!$B$3) | H14: =IF(A14="","",C14*Assumptions!$B$2) | I14: =IF(A14="","",F14-G14-H14)
E15: =IF(A15="","",B15*Assumptions!$B$4) | F15: =IF(A15="","",E15*Assumptions!$B$2) | G15: =IF(A15="","",E15*Assumptions!$B$3) | H15: =IF(A15="","",C15*Assumptions!$B$2) | I15: =IF(A15="","",F15-G15-H15)
E16: =IF(A16="","",B16*Assumptions!$B$4) | F16: =IF(A16="","",E16*Assumptions!$B$2) | G16: =IF(A16="","",E16*Assumptions!$B$3) | H16: =IF(A16="","",C16*Assumptions!$B$2) | I16: =IF(A16="","",F16-G16-H16)
E17: =IF(A17="","",B17*Assumptions!$B$4) | F17: =IF(A17="","",E17*Assumptions!$B$2) | G17: =IF(A17="","",E17*Assumptions!$B$3) | H17: =IF(A17="","",C17*Assumptions!$B$2) | I17: =IF(A17="","",F17-G17-H17)
E18: =IF(A18="","",B18*Assumptions!$B$4) | F18: =IF(A18="","",E18*Assumptions!$B$2) | G18: =IF(A18="","",E18*Assumptions!$B$3) | H18: =IF(A18="","",C18*Assumptions!$B$2) | I18: =IF(A18="","",F18-G18-H18)
E19: =IF(A19="","",B19*Assumptions!$B$4) | F19: =IF(A19="","",E19*Assumptions!$B$2) | G19: =IF(A19="","",E19*Assumptions!$B$3) | H19: =IF(A19="","",C19*Assumptions!$B$2) | I19: =IF(A19="","",F19-G19-H19)
E20: =IF(A20="","",B20*Assumptions!$B$4) | F20: =IF(A20="","",E20*Assumptions!$B$2) | G20: =IF(A20="","",E20*Assumptions!$B$3) | H20: =IF(A20="","",C20*Assumptions!$B$2) | I20: =IF(A20="","",F20-G20-H20)
E21: =IF(A21="","",B21*Assumptions!$B$4) | F21: =IF(A21="","",E21*Assumptions!$B$2) | G21: =IF(A21="","",E21*Assumptions!$B$3) | H21: =IF(A21="","",C21*Assumptions!$B$2) | I21: =IF(A21="","",F21-G21-H21)
... E30: =IF(A30="","",B30*Assumptions!$B$4) | F30: =IF(A30="","",E30*Assumptions!$B$2) | G30: =IF(A30="","",E30*Assumptions!$B$3) | H30: =IF(A30="","",C30*Assumptions!$B$2) | I30: =IF(A30="","",F30-G30-H30)
A32: Route total | B32: =SUM(B2:B30) -> 20 | C32: =SUM(C2:C30) -> 13 | D32: =SUM(D2:D30) -> 145 | E32: =SUM(E2:E30) -> 240 | F32: =SUM(F2:F30) -> 1320 | G32: =SUM(G2:G30) -> 744 | H32: =SUM(H2:H30) -> 71.5 | I32: =SUM(I2:I30) -> 504.5
A34: Driving time (hours) | B34: 2.5
A35: Driver and merchandising ($) | B35: =(D32/60+B34)*Assumptions!B5 -> 98.333333
A36: Vehicle ($) | B36: =Assumptions!B7*Assumptions!B6 -> 67.2
A37: Route profit ($) | B37: =I32-B35-B36 -> 338.96667
A38: Profit per stop ($) | B38: =B37/COUNTA(A2:A30) -> 42.370833
A39: Pulled jars as % of jars sold in | B39: =C32/E32 -> 0.054166667

Sheet Read me
A1: Direct store delivery
A2: From the article: https://www.tarostack.com/articles/direct-store-delivery
A4: Assumptions: the price to the store, the full cost of a jar, jars in a case, the driver's hourly cost, the vehicle's cost a mile and the route's miles.
A5: Route: each stop with the cases delivered, the jars pulled for credit and the minutes spent. Revenue, product cost, credits and gross fill in, and below the stops the route's driver and vehicle cost, profit, profit per stop and the share of jars pulled.
A6: The example is the article's made-up salsa maker's Tuesday route.
A8: Works in Excel (2010 and later), Google Sheets, LibreOffice and Numbers. No macros.
A9: Free to use and change. Made by TaroStack, inventory and production software for small producers: https://www.tarostack.com
